Wild vs Comets

Created - Monday, January 25, 2016 at 12:16

Goals
1 2 3 T
Wild 0 1 0 1
Comets 0 1 1 2
Shots
1 2 3 T
Wild 10 10 8 28
Comets 7 8 7 22

1st period

No Goal

Penalties :
No Penalty

2nd period

1. Wild , Dan Catenacci 5 (Devin Shore) at 13:57
2. Comets , Jared Boll 4 (Sven Baertschi, Mat Clark) at 19:18

Penalties :
John Scott (UTI) for Hooking (Minor) at 0:29, Mat Clark (UTI) for Fighting (Major) at 8:29, Francis Wathier (IOW) for Fighting (Major) at 8:29, Jared Boll (UTI) for Hooking (Minor) at 9:40

3rd period

3. Comets , Sven Baertschi 11 (Mat Clark, Jared Boll) at 10:08 (PP)

Penalties :
Micheal Haley (IOW) for Hooking (Minor) at 9:28, Jani Hakanpaa (IOW) for Goalie Interference (Minor) at 11:00

Goalie Stats

Jordan Binnington (IOW), 20 saves from 22 shots - (0.909), L, 18-10-10, 59:21 minutes
Mike Condon (UTI), 27 saves from 28 shots - (0.964), W, 30-12-10, 60:00 minutes

Players Stats for Wild

Player Name              G  A  P  +/- PIM S  H  SB GA TA FO     MP     PP MP  PK MP  
------------------------------------------------------------------------------------
Alex Friesen             0  0  0   0  0   0  1  0  1  1  6/7    14:05   2:08   0:00 
Anthony Camara           0  0  0   0  0   1  0  0  0  0  0/1    12:38   0:00   0:00 
Cam Janssen              0  0  0   0  0   1  1  0  0  0  0/0    11:38   0:00   0:00 
Chris Summers            0  0  0   0  0   2  1  2  0  4  0/0    22:44   2:47   1:43 
Colin Stuart             0  0  0   0  0   3  0  0  2  0  0/0    17:47   1:50   0:00 
Dan Catenacci            1  0  1   0  0   4  0  0  3  0  0/1    14:27   1:50   0:00 
Danny Hobbs              0  0  0   0  0   2  1  0  2  0  0/0    12:38   0:00   0:00 
David Wolf               0  0  0   0  0   1  3  0  2  0  10/13  16:03   0:00   0:00 
Devin Shore              0  1  1   0  0   1  0  2  1  1  4/9    15:33   0:00   2:39 
Francis Wathier          0  0  0   0  5   2  0  0  0  1  0/0    10:51   0:00   0:00 
Jani Hakanpaa            0  0  0  -1  2   1  0  1  0  1  0/0    14:48   0:00   0:00 
Jerome Leduc             0  0  0   1  0   0  1  1  0  1  0/0    15:28   0:00   0:00 
Mark Van Guilder         0  0  0   0  0   2  3  0  3  0  4/8    17:52   1:50   2:39 
Michael Keranen          0  0  0   0  0   4  1  1  3  1  1/1    15:10   2:08   0:00 
Micheal Haley            0  0  0   0  2   0  2  0  0  1  1/1    18:29   2:08   0:00 
Mike Moore               0  0  0  -1  0   0  3  1  0  2  0/0    18:00   1:11   0:56 
Shane O'Brien            0  0  0   0  0   4  2  2  4  1  0/0    24:38   1:11   0:56 
Steve Eminger            0  0  0   1  0   0  1  1  1  1  0/0    24:29   2:47   1:43 

Players Stats for Comets

Player Name              G  A  P  +/- PIM S  H  SB GA TA FO     MP     PP MP  PK MP  
------------------------------------------------------------------------------------
Andrew Ference           0  0  0   0  0   0  3  2  2  0  0/0    26:45   1:17   1:57 
Ben Hanowski             0  0  0   0  0   0  1  0  1  0  0/0    17:22   0:00   2:42 
Brendan Gaunce           0  0  0   0  0   1  3  0  1  0  3/6    15:43   0:00   0:34 
Colby Robak              0  0  0  -1  0   1  4  1  1  2  0/0    25:15   1:17   1:57 
Dane Byers               0  0  0   0  0   3  0  0  1  1  0/0     8:54   0:00   0:00 
Derek Meech              0  0  0   1  0   0  0  2  0  3  0/0    22:12   1:22   2:01 
Jared Boll               1  1  2   1  2   4  2  1  1  0  0/1    18:34   1:11   1:24 
Jeremy Welsh             0  0  0  -1  0   1  3  0  1  0  4/10   14:49   1:28   0:01 
John Scott               0  0  0  -1  2   2  1  1  4  1  0/0    21:01   1:28   0:58 
Landon Ferraro           0  0  0   1  0   2  1  0  0  0  7/14   17:59   1:11   0:48 
Logan Shaw               0  0  0  -1  0   0  2  0  0  0  0/1     9:00   0:00   0:00 
Mat Clark                0  2  2   1  5   1  1  2  0  1  0/0    19:25   1:22   1:03 
Mike Sislo               0  0  0  -1  0   1  0  0  1  0  1/8    20:24   1:28   2:26 
Mike Zalewski            0  0  0   0  0   0  0  0  0  1  0/0     1:39   0:00   0:00 
Nicklas Jensen           0  0  0   0  0   2  1  1  2  2  0/1    15:09   0:00   0:00 
Scott Glennie            0  0  0   0  0   1  2  0  1  1  0/0     8:54   0:00   0:00 
Sven Baertschi           1  1  2   1  0   2  0  0  3  0  0/0    17:12   1:11   0:01 
Yann Sauve               0  0  0   0  0   1  2  1  0  2  0/0    15:42   0:00   0:00 

3 Stars

1 - Mike Condon (UTI)
2 - Sven Baertschi (UTI)
3 - Jared Boll (UTI)

Power Play

Wild - 0 on 2 Attempt(s) - 0.00%
Comets - 1 on 2 Attempt(s) - 50.00%

Penalty Kill

Wild - 1 on 2 Attempt(s) - 50.00% - Score 0 goal in Penalty Kill
Comets - 2 on 2 Attempt(s) - 100.00% - Score 0 goal in Penalty Kill

Team Stat

Wild - Hits : 20 - Faceoff Wins : 26 - Blocked Shots : 11 - Penalty Minutes : 9
Comets - Hits : 26 - Faceoff Wins : 15 - Blocked Shots : 11 - Penalty Minutes : 9

Official

Referees : Unknown
Linesman : Unknown

Game Notes

Mat Clark and Francis Wathier fight to a draw at 8:29 of 2nd period
10:49 of 2nd period - Wild goal is going for a video replay. After video review, No Goal. The goalkeeper has been pushed into the net together with the puck after making a save.

Finance

Level 1 -- Attendance: 1486 (74.30%) -- Ticket Income $52,010
Level 2 -- Attendance: 794 (79.40%) -- Ticket Income $11,910
Total Attendance: 2280 (76.00%)
Total Ticket Income: $63,920
Other Income: $31,321
Total Income: $95,241

Wild

5 vs 5 Forward 
   Center                   Left Wing                Right Wing               Time % Phy DF OF 
 1 David Wolf               Colin Stuart             Micheal Haley            35     1   2  2  
 2 Devin Shore              Dan Catenacci            Michael Keranen          30     1   2  2  
 3 Mark Van Guilder         Anthony Camara           Danny Hobbs              22     1   2  2  
 4 Alex Friesen             Francis Wathier          Cam Janssen              13     1   2  2  

5 vs 5 Defense 
   Defense                  Defense                                           Time % Phy DF OF 
 1 Shane O'Brien            Chris Summers                                     35     1   2  2  
 2 Jerome Leduc             Steve Eminger                                     30     1   2  2  
 3 Jani Hakanpaa            Mike Moore                                        22     1   2  2  
 4 Shane O'Brien            Steve Eminger                                     13     1   2  2  

PowerPlay Forward 
   Center                   Left Wing                Right Wing               Time % Phy DF OF 
 1 Alex Friesen             Micheal Haley            Michael Keranen          60     1   2  2  
 2 Mark Van Guilder         Colin Stuart             Dan Catenacci            40     1   2  2  

PowerPlay Defense
   Defense                  Defense                                           Time % Phy DF OF 
 1 Steve Eminger            Chris Summers                                     60     1   2  2  
 2 Shane O'Brien            Mike Moore                                        40     1   2  2  

Penalty Kill 4 Players Forward 
   Center                   Wing                     Time % Phy DF OF 
 1 Devin Shore              Mark Van Guilder         60     1   2  2  
 2 Micheal Haley            Colin Stuart             40     1   2  2  

Penalty Kill 4 Players Defense
   Defense                  Defense                  Time % Phy DF OF 
 1 Steve Eminger            Chris Summers            60     1   2  2  
 2 Shane O'Brien            Mike Moore               40     1   2  2  

Penalty Kill - 3 Players Forward 
   Forward                                           Time % Phy DF OF 
 1 Devin Shore                                       60     1   2  2  
 2 Mark Van Guilder                                  40     1   2  2  

Penalty Kill - 3 Players Defense
   Defense                  Defense                  Time % Phy DF OF 
 1 Steve Eminger            Chris Summers            60     1   2  2  
 2 Shane O'Brien            Mike Moore               40     1   2  2  

4 vs 4 Forward 
   Center                   Wing                     Time % Phy DF OF 
 1 Alex Friesen             Mark Van Guilder         60     1   2  2  
 2 Micheal Haley            Colin Stuart             40     1   2  2  

4 vs 4 Defense
   Defense                  Defense                  Time % Phy DF OF 
 1 Steve Eminger            Chris Summers            60     1   2  2  
 2 Shane O'Brien            Mike Moore               40     1   2  2  

Last Minutes Offensive
   Center                   Left Wing                Right Wing               Defense                  Defense                  
   David Wolf               Micheal Haley            Michael Keranen          Steve Eminger            Chris Summers            

Last Minutes Defensive
   Center                   Left Wing                Right Wing               Defense                  Defense                  
   Alex Friesen             Micheal Haley            Michael Keranen          Steve Eminger            Chris Summers            

Goaltenders
Starting : Jordan Binnington        
Backup : Doug Carr                

Extra Forwards
Normal : Devin Shore, Colin Stuart, Alex Friesen - PP : Devin Shore, Colin Stuart - PK : Alex Friesen
Extra Defensemen
Normal : Jani Hakanpaa, Jerome Leduc, Shane O'Brien - PP : Jani Hakanpaa - PK : Jerome Leduc, Shane O'Brien
Penalty Shots
Devin Shore, Mark Van Guilder, Micheal Haley, Colin Stuart, Dan Catenacci

Comets

5 vs 5 Forward 
   Center                   Left Wing                Right Wing               Time % Phy DF OF 
 1 Jeremy Welsh             John Scott               Mike Sislo               35     1   2  2  
 2 Landon Ferraro           Sven Baertschi           Jared Boll               30     1   2  2  
 3 Brendan Gaunce           Ben Hanowski             Nicklas Jensen           22     1   2  2  
 4 Mike Sislo               Dane Byers               Scott Glennie            13     1   2  2  

5 vs 5 Defense 
   Defense                  Defense                                           Time % Phy DF OF 
 1 Andrew Ference           Colby Robak                                       35     1   2  2  
 2 Derek Meech              Mat Clark                                         30     1   2  2  
 3 Yann Sauve               Andrew Ference                                    22     1   2  2  
 4 Colby Robak              John Scott                                        13     1   2  2  

PowerPlay Forward 
   Center                   Left Wing                Right Wing               Time % Phy DF OF 
 1 Jeremy Welsh             John Scott               Mike Sislo               60     1   2  2  
 2 Landon Ferraro           Sven Baertschi           Jared Boll               40     1   2  2  

PowerPlay Defense
   Defense                  Defense                                           Time % Phy DF OF 
 1 Andrew Ference           Colby Robak                                       60     1   2  2  
 2 Derek Meech              Mat Clark                                         40     1   2  2  

Penalty Kill 4 Players Forward 
   Center                   Wing                     Time % Phy DF OF 
 1 Mike Sislo               Jared Boll               60     1   2  2  
 2 Sven Baertschi           Jeremy Welsh             40     1   2  2  

Penalty Kill 4 Players Defense
   Defense                  Defense                  Time % Phy DF OF 
 1 Andrew Ference           Colby Robak              60     1   2  2  
 2 John Scott               Derek Meech              40     1   2  2  

Penalty Kill - 3 Players Forward 
   Forward                                           Time % Phy DF OF 
 1 Mike Sislo                                        60     1   2  2  
 2 Jared Boll                                        40     1   2  2  

Penalty Kill - 3 Players Defense
   Defense                  Defense                  Time % Phy DF OF 
 1 Andrew Ference           Colby Robak              60     1   2  2  
 2 John Scott               Derek Meech              40     1   2  2  

4 vs 4 Forward 
   Center                   Wing                     Time % Phy DF OF 
 1 Mike Sislo               Jared Boll               60     1   2  2  
 2 Sven Baertschi           Jeremy Welsh             40     1   2  2  

4 vs 4 Defense
   Defense                  Defense                  Time % Phy DF OF 
 1 Andrew Ference           Colby Robak              60     1   2  2  
 2 John Scott               Derek Meech              40     1   2  2  

Last Minutes Offensive
   Center                   Left Wing                Right Wing               Defense                  Defense                  
   Jeremy Welsh             John Scott               Mike Sislo               Andrew Ference           Colby Robak              

Last Minutes Defensive
   Center                   Left Wing                Right Wing               Defense                  Defense                  
   Jeremy Welsh             John Scott               Mike Sislo               Andrew Ference           Colby Robak              

Goaltenders
Starting : Mike Condon              
Backup : Chris Driedger           

Extra Forwards
Normal : Logan Shaw, Mike Zalewski, Ben Hanowski - PP : Logan Shaw, Mike Zalewski - PK : Ben Hanowski
Extra Defensemen
Normal : Yann Sauve, Mat Clark, Derek Meech - PP : Yann Sauve - PK : Mat Clark, Derek Meech
Penalty Shots
John Scott, Mike Sislo, Jared Boll, Sven Baertschi, Jeremy Welsh

% Time on Ice - Wild

Lines # - Real PCT - Wanted PCT - Time Play
Normal Forward
1 - 30% - 35% - 15:47
2 - 24% - 30% - 12:37
3 - 24% - 22% - 12:38
4 - 22% - 13% - 11:38
Normal Defense
1 - 33% - 35% - 17:31
2 - 32% - 30% - 16:40
3 - 28% - 22% - 14:41
4 - 7% - 13% - 3:48
PP Forward
1 - 54% - 60% - 2:08
2 - 46% - 40% - 1:50
PP Defense
1 - 70% - 60% - 2:47
2 - 30% - 40% - 1:11
PK Forward
1 - 100% - 60% - 2:39
2 - 0% - 40% - 0:00
PK Defense
1 - 65% - 60% - 1:43
2 - 35% - 40% - 0:56
PK3 Forward
1 - 0% - 60%
2 - 0% - 40%
PK3 Defense
1 - 0% - 60%
2 - 0% - 40%
44 Forward
1 - 0% - 60%
2 - 0% - 40%
44 Defense
1 - 0% - 60%
2 - 0% - 40%
Last Minute Offensive  - 0:43
Last Minute Defensive  - 0:00
Total
Forward - 60:00
Defense - 60:00

% Time on Ice - Comets

Lines # - Real PCT - Wanted PCT - Time Play
Normal Forward
1 - 24% - 35% - 12:23
2 - 31% - 30% - 16:00
3 - 29% - 22% - 15:09
4 - 17% - 13% - 8:54
Normal Defense
1 - 23% - 35% - 12:19
2 - 34% - 30% - 18:02
3 - 25% - 22% - 13:20
4 - 17% - 13% - 8:45
PP Forward
1 - 55% - 60% - 1:28
2 - 45% - 40% - 1:11
PP Defense
1 - 48% - 60% - 1:17
2 - 52% - 40% - 1:22
PK Forward
1 - 100% - 60% - 3:57
2 - 0% - 40% - 0:01
PK Defense
1 - 49% - 60% - 1:57
2 - 51% - 40% - 2:01
PK3 Forward
1 - 0% - 60%
2 - 0% - 40%
PK3 Defense
1 - 0% - 60%
2 - 0% - 40%
44 Forward
1 - 0% - 60%
2 - 0% - 40%
44 Defense
1 - 0% - 60%
2 - 0% - 40%
Last Minute Offensive  - 0:00
Last Minute Defensive  - 0:57
Total
Forward - 60:00
Defense - 60:00

Play by Play

1st period


0:01 of 1st period - Micheal Haley wins face-off versus Jeremy Welsh in neutral zone.
0:18 of 1st period - Snap shot by David Wolf.
0:18 of 1st period - Shot Misses the Net.
0:26 of 1st period - Colin Stuart is hit by Colby Robak and loses puck.
0:35 of 1st period - Snap shot by David Wolf.
0:35 of 1st period - Stopped by Mike Condon with a rebound.
0:37 of 1st period - Snap shot by Chris Summers.
0:37 of 1st period - Shot Blocked by Andrew Ference.
0:53 of 1st period - Dan Catenacci is hit by Colby Robak and loses puck.
1:59 of 1st period - Wrist shot by Ben Hanowski.
1:59 of 1st period - Shot Blocked by Steve Eminger.
3:36 of 1st period - Mike Moore is hit by Jeremy Welsh and loses puck.
3:55 of 1st period - Wrist shot by Jared Boll.
3:55 of 1st period - Stopped by Jordan Binnington with a rebound.
3:57 of 1st period - Slapshot by Andrew Ference.
3:57 of 1st period - Deflect By Landon Ferraro.
3:57 of 1st period - Stopped by Jordan Binnington without a rebound.
3:58 of 1st period - Landon Ferraro wins face-off versus David Wolf in Wild zone.
4:29 of 1st period - Wrist shot by Mike Sislo.
4:29 of 1st period - Stopped by Jordan Binnington with a rebound.
5:41 of 1st period - Jared Boll is hit by Mark Van Guilder and loses puck.
6:22 of 1st period - Shane O'Brien is hit by Scott Glennie and loses puck.
6:52 of 1st period - Snap shot by Nicklas Jensen.
6:52 of 1st period - Shot Misses the Net.
8:06 of 1st period - Francis Wathier is hit by Andrew Ference and loses puck.
8:54 of 1st period - Shane O'Brien is hit by Scott Glennie and loses puck.
9:49 of 1st period - Snap shot by Michael Keranen.
9:49 of 1st period - Stopped by Mike Condon with a rebound.
10:47 of 1st period - John Scott is hit by Chris Summers and loses puck.
11:41 of 1st period - Backhand shot by Ben Hanowski.
11:41 of 1st period - Shot Misses the Net.
12:48 of 1st period - Snap shot by Dane Byers.
12:48 of 1st period - Stopped by Jordan Binnington with a rebound.
13:26 of 1st period - Wrist shot by Sven Baertschi.
13:26 of 1st period - Shot Misses the Net.
13:28 of 1st period - Slapshot by Derek Meech.
13:28 of 1st period - Shot Misses the Net.
13:30 of 1st period - Wrist shot by Sven Baertschi.
13:30 of 1st period - Stopped by Jordan Binnington without a rebound.
13:31 of 1st period - Landon Ferraro wins face-off versus Devin Shore in Wild zone.
13:32 of 1st period - Wrist shot by Sven Baertschi.
13:32 of 1st period - Shot Blocked by Michael Keranen.
14:27 of 1st period - Snap shot by Mike Moore.
14:27 of 1st period - Shot Blocked by Mat Clark.
14:29 of 1st period - Slapshot by Jani Hakanpaa.
14:29 of 1st period - Stopped by Mike Condon with a rebound.
14:31 of 1st period - Wrist shot by Francis Wathier.
14:31 of 1st period - Stopped by Mike Condon with a rebound.
14:47 of 1st period - Chris Summers is hit by Mat Clark and loses puck.
16:23 of 1st period - Steve Eminger is hit by Jared Boll and loses puck.
16:52 of 1st period - David Wolf is hit by Andrew Ference and loses puck.
17:01 of 1st period - Snap shot by Colin Stuart.
17:01 of 1st period - Stopped by Mike Condon without a rebound.
17:02 of 1st period - David Wolf wins face-off versus Brendan Gaunce in Comets zone.
17:05 of 1st period - Snap shot by David Wolf.
17:05 of 1st period - Shot Blocked by Derek Meech.
17:18 of 1st period - Wrist shot by Brendan Gaunce.
17:18 of 1st period - Shot Blocked by Chris Summers.
17:20 of 1st period - Wrist shot by Mat Clark.
17:20 of 1st period - Stopped by Jordan Binnington with a rebound.
17:37 of 1st period - Icing by Jared Boll.
17:38 of 1st period - Mark Van Guilder wins face-off versus Landon Ferraro in Comets zone.
17:59 of 1st period - Snap shot by Mark Van Guilder.
17:59 of 1st period - Shot Misses the Net.
18:01 of 1st period - Wrist shot by Mark Van Guilder.
18:01 of 1st period - Stopped by Mike Condon with a rebound.
18:05 of 1st period - Slapshot by Danny Hobbs.
18:05 of 1st period - Stopped by Mike Condon with a rebound.
18:07 of 1st period - Slapshot by Mark Van Guilder.
18:07 of 1st period - Stopped by Mike Condon with a rebound.
18:09 of 1st period - Snap shot by Danny Hobbs.
18:09 of 1st period - Shot Misses the Net.
18:30 of 1st period - Snap shot by Dan Catenacci.
18:30 of 1st period - Deflect By Michael Keranen.
18:30 of 1st period - Stopped by Mike Condon with a rebound.
18:36 of 1st period - Wrist shot by Devin Shore.
18:36 of 1st period - Stopped by Mike Condon with a rebound.
18:56 of 1st period - Snap shot by Scott Glennie.
18:56 of 1st period - Stopped by Jordan Binnington with a rebound.
19:02 of 1st period - Mat Clark is hit by David Wolf.
19:49 of 1st period - Wrist shot by Landon Ferraro.
19:49 of 1st period - Shot Misses the Net.
19:51 of 1st period - Slapshot by Yann Sauve.
19:51 of 1st period - Shot Blocked by Shane O'Brien.
Goals for this period are 0 for Wild vs 0 for Comets.
Shots for this period are 10 for Wild vs 7 for Comets.

2nd period


0:01 of 2nd period - Jeremy Welsh wins face-off versus David Wolf in neutral zone.
0:14 of 2nd period - Slapshot by David Wolf.
0:14 of 2nd period - Shot Blocked by Andrew Ference.
0:16 of 2nd period - Snap shot by Micheal Haley.
0:16 of 2nd period - Shot Blocked by John Scott.
0:20 of 2nd period - Wrist shot by David Wolf.
0:20 of 2nd period - Shot Misses the Net.
0:22 of 2nd period - Slapshot by Shane O'Brien.
0:22 of 2nd period - Shot Misses the Net.
0:24 of 2nd period - Wrist shot by David Wolf.
0:24 of 2nd period - Shot Misses the Net.
0:29 of 2nd period - Minor Penalty to John Scott for Hooking.
0:30 of 2nd period - Alex Friesen wins face-off versus Mike Sislo in Comets zone.
0:30 of 2nd period - Snap shot by Chris Summers.
0:30 of 2nd period - Deflect By Michael Keranen.
0:30 of 2nd period - Shot Misses the Net.
0:30 of 2nd period - Puck is out of play.
0:31 of 2nd period - Alex Friesen wins face-off versus Mike Sislo in Comets zone.
1:00 of 2nd period - Slapshot by Colby Robak.
1:00 of 2nd period - Shot Blocked by Chris Summers.
1:04 of 2nd period - Slapshot by Jared Boll.
1:04 of 2nd period - Shot Misses the Net.
2:00 of 2nd period - Mat Clark is hit by Micheal Haley and loses puck.
2:23 of 2nd period - Shane O'Brien is hit by Brendan Gaunce and loses puck.
2:29 of 2nd period - Penalty to John Scott is over, John Scott is back on ice.
2:36 of 2nd period - Wrist shot by Shane O'Brien.
2:36 of 2nd period - Stopped by Mike Condon without a rebound.
2:37 of 2nd period - Jeremy Welsh wins face-off versus Mark Van Guilder in Comets zone.
2:44 of 2nd period - Slapshot by John Scott.
2:44 of 2nd period - Stopped by Jordan Binnington with a rebound.
2:46 of 2nd period - Slapshot by John Scott.
2:46 of 2nd period - Shot Misses the Net.
2:48 of 2nd period - Slapshot by Mike Sislo.
2:48 of 2nd period - Shot Misses the Net.
2:50 of 2nd period - Slapshot by John Scott.
2:50 of 2nd period - Shot Misses the Net.
2:52 of 2nd period - Slapshot by Jeremy Welsh.
2:52 of 2nd period - Shot Misses the Net.
2:54 of 2nd period - Slapshot by Colby Robak.
2:54 of 2nd period - Shot Misses the Net.
2:56 of 2nd period - Snap shot by Colby Robak.
2:56 of 2nd period - Shot Blocked by Mike Moore.
3:16 of 2nd period - Colby Robak is hit by Mike Moore and loses puck.
3:23 of 2nd period - Francis Wathier is hit by Ben Hanowski and loses puck.
5:01 of 2nd period - Steve Eminger is hit by Landon Ferraro and loses puck.
5:08 of 2nd period - Slapshot by Sven Baertschi.
5:08 of 2nd period - Shot Misses the Net.
5:10 of 2nd period - Snap shot by Jared Boll.
5:10 of 2nd period - Deflect By Sven Baertschi.
5:10 of 2nd period - Shot Misses the Net.
5:10 of 2nd period - Puck is out of play.
5:11 of 2nd period - Landon Ferraro wins face-off versus Alex Friesen in Wild zone.
6:10 of 2nd period - Icing by Mike Moore.
6:11 of 2nd period - Brendan Gaunce wins face-off versus Mark Van Guilder in Wild zone.
6:22 of 2nd period - Nicklas Jensen is hit by Mike Moore and loses puck.
7:14 of 2nd period - Snap shot by Sven Baertschi.
7:14 of 2nd period - Shot Blocked by Jani Hakanpaa.
7:27 of 2nd period - Icing by Logan Shaw.
7:28 of 2nd period - David Wolf wins face-off versus Logan Shaw in Comets zone.
7:45 of 2nd period - Snap shot by Colby Robak.
7:45 of 2nd period - Shot Misses the Net.
7:53 of 2nd period - Snap shot by Dane Byers.
7:53 of 2nd period - Stopped by Jordan Binnington without a rebound.
7:54 of 2nd period - Alex Friesen wins face-off versus Nicklas Jensen in Wild zone.
7:54 of 2nd period - Alex Friesen is hit by Andrew Ference.
8:02 of 2nd period - Andrew Ference is hit by Cam Janssen and loses puck.
8:29 of 2nd period - Mat Clark and Francis Wathier fight to a draw.
8:29 of 2nd period - Penalty to Mat Clark for Fighting.
8:29 of 2nd period - Penalty to Francis Wathier for Fighting.
8:30 of 2nd period - David Wolf wins face-off versus Jeremy Welsh in neutral zone.
9:16 of 2nd period - Derek Meech is hit by Danny Hobbs and loses puck.
9:31 of 2nd period - Anthony Camara is hit by Yann Sauve.
9:40 of 2nd period - Minor Penalty to Jared Boll for Hooking.
9:41 of 2nd period - Alex Friesen wins face-off versus Mike Sislo in Comets zone.
9:52 of 2nd period - Slapshot by Chris Summers.
9:52 of 2nd period - Stopped by Mike Condon without a rebound.
9:53 of 2nd period - Alex Friesen wins face-off versus Mike Sislo in Comets zone.
10:41 of 2nd period - Snap shot by Shane O'Brien.
10:41 of 2nd period - Stopped by Mike Condon without a rebound.
10:42 of 2nd period - Mark Van Guilder wins face-off versus Landon Ferraro in Comets zone.
10:47 of 2nd period - Snap shot by Dan Catenacci.
10:47 of 2nd period - Shot Misses the Net.
10:49 of 2nd period - Snap shot by Dan Catenacci.
10:49 of 2nd period - Wild goal is going for a video replay.
10:49 of 2nd period - The goal is refused. The goalkeeper has been pushed into the net together with the puck after making a save..
10:50 of 2nd period - Landon Ferraro wins face-off versus Dan Catenacci in Comets zone.
10:50 of 2nd period - Landon Ferraro is hit by Mark Van Guilder.
11:40 of 2nd period - Penalty to Jared Boll is over, Jared Boll is back on ice.
12:58 of 2nd period - Slapshot by Chris Summers.
12:58 of 2nd period - Shot Misses the Net.
13:04 of 2nd period - Chris Summers is hit by Logan Shaw and loses puck.
13:11 of 2nd period - Slapshot by Brendan Gaunce.
13:11 of 2nd period - Stopped by Jordan Binnington with a rebound.
13:13 of 2nd period - Slapshot by Yann Sauve.
13:13 of 2nd period - Stopped by Jordan Binnington with a rebound.
13:15 of 2nd period - Slapshot by Yann Sauve.
13:15 of 2nd period - Deflect By Nicklas Jensen.
13:15 of 2nd period - Shot Blocked by Shane O'Brien.
13:15 of 2nd period - Puck is out of play.
13:16 of 2nd period - David Wolf wins face-off versus Landon Ferraro in Wild zone.
13:25 of 2nd period - Snap shot by Micheal Haley.
13:25 of 2nd period - Shot Misses the Net.
13:31 of 2nd period - Micheal Haley is hit by Yann Sauve and loses puck.
13:48 of 2nd period - Slapshot by Colby Robak.
13:48 of 2nd period - Stopped by Jordan Binnington with a rebound.
13:50 of 2nd period - Slapshot by John Scott.
13:50 of 2nd period - Deflect By Mike Sislo.
13:50 of 2nd period - Shot Hit the Post.
13:50 of 2nd period - Puck is out of play.
13:51 of 2nd period - Devin Shore wins face-off versus Jeremy Welsh in Wild zone.
13:51 of 2nd period - Devin Shore is hit by Logan Shaw.
13:57 of 2nd period - Snap shot by Dan Catenacci.
13:57 of 2nd period - Goal by Dan Catenacci - Wild : 1 - Comets : 0.
13:58 of 2nd period - Landon Ferraro wins face-off versus Anthony Camara in neutral zone.
14:09 of 2nd period - Snap shot by Mark Van Guilder.
14:09 of 2nd period - Shot Misses the Net.
14:11 of 2nd period - Snap shot by Danny Hobbs.
14:11 of 2nd period - Shot Misses the Net.
14:35 of 2nd period - Slapshot by Chris Summers.
14:35 of 2nd period - Shot Blocked by Colby Robak.
14:53 of 2nd period - Brendan Gaunce is hit by Shane O'Brien and loses puck.
15:14 of 2nd period - Wrist shot by Michael Keranen.
15:14 of 2nd period - Stopped by Mike Condon without a rebound.
15:15 of 2nd period - David Wolf wins face-off versus Jeremy Welsh in Comets zone.
15:16 of 2nd period - Wrist shot by Colin Stuart.
15:16 of 2nd period - Stopped by Mike Condon with a rebound.
16:10 of 2nd period - Jani Hakanpaa is hit by John Scott and loses puck.
16:23 of 2nd period - Francis Wathier is hit by Brendan Gaunce and loses puck.
16:31 of 2nd period - Off-side.
16:32 of 2nd period - Devin Shore wins face-off versus Landon Ferraro in neutral zone.
16:41 of 2nd period - Snap shot by Dan Catenacci.
16:41 of 2nd period - Shot Misses the Net.
16:43 of 2nd period - Slapshot by Chris Summers.
16:43 of 2nd period - Shot Blocked by Mat Clark.
16:45 of 2nd period - Snap shot by Shane O'Brien.
16:45 of 2nd period - Stopped by Mike Condon with a rebound.
16:49 of 2nd period - Snap shot by Michael Keranen.
16:49 of 2nd period - Shot Misses the Net.
16:51 of 2nd period - Snap shot by Michael Keranen.
16:51 of 2nd period - Shot Misses the Net.
16:53 of 2nd period - Snap shot by Michael Keranen.
16:53 of 2nd period - Stopped by Mike Condon with a rebound.
17:01 of 2nd period - Backhand shot by Dan Catenacci.
17:01 of 2nd period - Stopped by Mike Condon with a rebound.
17:05 of 2nd period - Slapshot by Chris Summers.
17:05 of 2nd period - Shot Blocked by Derek Meech.
17:26 of 2nd period - Wrist shot by Andrew Ference.
17:26 of 2nd period - Shot Misses the Net.
17:54 of 2nd period - Snap shot by Nicklas Jensen.
17:54 of 2nd period - Stopped by Jordan Binnington without a rebound.
17:55 of 2nd period - Brendan Gaunce wins face-off versus David Wolf in Wild zone.
17:56 of 2nd period - Snap shot by Nicklas Jensen.
17:56 of 2nd period - Stopped by Jordan Binnington without a rebound.
17:57 of 2nd period - David Wolf wins face-off versus Brendan Gaunce in Wild zone.
18:41 of 2nd period - Slapshot by Jeremy Welsh.
18:41 of 2nd period - Deflect By John Scott.
18:41 of 2nd period - Shot Blocked by Jerome Leduc.
18:41 of 2nd period - Puck is out of play.
18:42 of 2nd period - Michael Keranen wins face-off versus Jeremy Welsh in Wild zone.
19:18 of 2nd period - Snap shot by Jared Boll.
19:18 of 2nd period - Goal by Jared Boll - Wild : 1 - Comets : 1.
19:19 of 2nd period - Landon Ferraro wins face-off versus Mark Van Guilder in neutral zone.
Goals for this period are 1 for Wild vs 1 for Comets.
Shots for this period are 10 for Wild vs 8 for Comets.

3rd period


0:01 of 3rd period - David Wolf wins face-off versus Mike Sislo in neutral zone.
0:16 of 3rd period - Snap shot by David Wolf.
0:16 of 3rd period - Shot Misses the Net.
1:02 of 3rd period - Backhand shot by Landon Ferraro.
1:02 of 3rd period - Stopped by Jordan Binnington without a rebound.
1:03 of 3rd period - Landon Ferraro wins face-off versus Mark Van Guilder in Wild zone.
1:36 of 3rd period - Landon Ferraro is hit by Mark Van Guilder and loses puck.
1:58 of 3rd period - Mike Moore is hit by Nicklas Jensen and loses puck.
2:41 of 3rd period - Micheal Haley is hit by Colby Robak and loses puck.
3:10 of 3rd period - David Wolf is hit by Jeremy Welsh and loses puck.
3:48 of 3rd period - Sven Baertschi is hit by Alex Friesen and loses puck.
3:57 of 3rd period - Slapshot by Shane O'Brien.
3:57 of 3rd period - Shot Blocked by Jared Boll.
5:08 of 3rd period - Icing by Andrew Ference.
5:09 of 3rd period - Brendan Gaunce wins face-off versus Devin Shore in Comets zone.
5:34 of 3rd period - Wrist shot by Dan Catenacci.
5:34 of 3rd period - Stopped by Mike Condon without a rebound.
5:35 of 3rd period - Mark Van Guilder wins face-off versus Landon Ferraro in Comets zone.
5:36 of 3rd period - Wrist shot by Anthony Camara.
5:36 of 3rd period - Stopped by Mike Condon with a rebound.
6:19 of 3rd period - Wrist shot by Jeremy Welsh.
6:19 of 3rd period - Shot Misses the Net.
6:55 of 3rd period - Slapshot by Dane Byers.
6:55 of 3rd period - Stopped by Jordan Binnington without a rebound.
6:56 of 3rd period - David Wolf wins face-off versus Mike Sislo in Wild zone.
7:52 of 3rd period - Dan Catenacci is hit by Brendan Gaunce and loses puck.
8:14 of 3rd period - Slapshot by Chris Summers.
8:14 of 3rd period - Shot Blocked by Nicklas Jensen.
8:16 of 3rd period - Slapshot by Jani Hakanpaa.
8:16 of 3rd period - Shot Blocked by Yann Sauve.
8:37 of 3rd period - Off-side.
8:38 of 3rd period - Alex Friesen wins face-off versus Jeremy Welsh in neutral zone.
8:48 of 3rd period - Snap shot by Cam Janssen.
8:48 of 3rd period - Stopped by Mike Condon with a rebound.
8:50 of 3rd period - Slapshot by Chris Summers.
8:50 of 3rd period - Deflect By Derek Meech.
8:50 of 3rd period - Stopped by Mike Condon with a rebound.
8:52 of 3rd period - Slapshot by Shane O'Brien.
8:52 of 3rd period - Deflect By John Scott.
8:52 of 3rd period - Stopped by Mike Condon without a rebound.
8:53 of 3rd period - David Wolf wins face-off versus Landon Ferraro in Comets zone.
9:14 of 3rd period - Snap shot by Sven Baertschi.
9:14 of 3rd period - Shot Hit the Post.
9:16 of 3rd period - Wrist shot by Jared Boll.
9:16 of 3rd period - Shot Misses the Net.
9:18 of 3rd period - Slapshot by Jared Boll.
9:18 of 3rd period - Shot Misses the Net.
9:20 of 3rd period - Slapshot by Derek Meech.
9:20 of 3rd period - Shot Misses the Net.
9:28 of 3rd period - Minor Penalty to Micheal Haley for Hooking.
9:29 of 3rd period - Mike Sislo wins face-off versus Devin Shore in Wild zone.
9:48 of 3rd period - Backhand shot by Colby Robak.
9:48 of 3rd period - Shot Blocked by Devin Shore.
10:06 of 3rd period - Wrist shot by Jared Boll.
10:06 of 3rd period - Stopped by Jordan Binnington with a rebound.
10:08 of 3rd period - Slapshot by Mat Clark.
10:08 of 3rd period - Deflect By Sven Baertschi.
10:08 of 3rd period - Goal by Sven Baertschi - Wild : 1 - Comets : 2.
10:09 of 3rd period - David Wolf wins face-off versus Brendan Gaunce in neutral zone.
10:47 of 3rd period - Colby Robak is hit by David Wolf and loses puck.
11:00 of 3rd period - Minor Penalty to Jani Hakanpaa for Goalie Interference.
11:01 of 3rd period - Devin Shore wins face-off versus Landon Ferraro in Wild zone.
11:10 of 3rd period - Snap shot by Jared Boll.
11:10 of 3rd period - Stopped by Jordan Binnington without a rebound.
11:11 of 3rd period - Devin Shore wins face-off versus Jared Boll in Wild zone.
11:36 of 3rd period - Chris Summers is hit by Jared Boll and loses puck.
12:01 of 3rd period - Snap shot by Jeremy Welsh.
12:01 of 3rd period - Stopped by Jordan Binnington with a rebound.
12:03 of 3rd period - Slapshot by Jeremy Welsh.
12:03 of 3rd period - Deflect By John Scott.
12:03 of 3rd period - Stopped by Jordan Binnington without a rebound.
12:04 of 3rd period - Jeremy Welsh wins face-off versus Devin Shore in Wild zone.
12:13 of 3rd period - Wrist shot by Jeremy Welsh.
12:13 of 3rd period - Shot Misses the Net.
12:19 of 3rd period - Snap shot by Jeremy Welsh.
12:19 of 3rd period - Deflect By Mike Sislo.
12:19 of 3rd period - Shot Blocked by Devin Shore.
12:19 of 3rd period - Puck is out of play.
12:20 of 3rd period - Jeremy Welsh wins face-off versus Devin Shore in Wild zone.
12:23 of 3rd period - Backhand shot by Mike Sislo.
12:23 of 3rd period - Shot Misses the Net.
13:00 of 3rd period - Penalty to Jani Hakanpaa is over, Jani Hakanpaa is back on ice.
13:01 of 3rd period - Shane O'Brien is hit by Jeremy Welsh and loses puck.
13:19 of 3rd period - Nicklas Jensen is hit by Micheal Haley.
13:33 of 3rd period - Snap shot by Colin Stuart.
13:33 of 3rd period - Stopped by Mike Condon with a rebound.
13:43 of 3rd period - Brendan Gaunce is hit by Jerome Leduc and loses puck.
14:02 of 3rd period - Snap shot by Alex Friesen.
14:02 of 3rd period - Deflect By Francis Wathier.
14:02 of 3rd period - Stopped by Mike Condon with a rebound.
14:17 of 3rd period - Landon Ferraro is hit by Mike Moore and loses puck.
14:43 of 3rd period - Wrist shot by Danny Hobbs.
14:43 of 3rd period - Stopped by Mike Condon without a rebound.
14:44 of 3rd period - Mark Van Guilder wins face-off versus Mike Sislo in Comets zone.
15:37 of 3rd period - Yann Sauve is hit by Michael Keranen and loses puck.
15:44 of 3rd period - Andrew Ference is hit by Steve Eminger and loses puck.
16:21 of 3rd period - Francis Wathier is hit by Colby Robak and loses puck.
16:48 of 3rd period - Derek Meech is hit by David Wolf and loses puck.
18:17 of 3rd period - Jared Boll is hit by Shane O'Brien and loses puck.
18:59 of 3rd period - Wrist shot by Jeremy Welsh.
18:59 of 3rd period - Shot Misses the Net.
19:21 of 3rd period - Wild, Jordan Binnington is pulled from the net.
Goals for this period are 0 for Wild vs 1 for Comets.
Shots for this period are 8 for Wild vs 7 for Comets.